 Dungeon Crawl Stone Soup version 0.32-a0-643-ga006e7742e (webtiles) character file.

Game seed: 12168585063520685700

104 jlumianski the Chopper (level 4, 0/34 HPs)
             Began as a Coglin Gladiator on Mar 8, 2024.
             Slain by a sleepcap (6 damage)
             ... on level 4 of the Dungeon.
             The game lasted 00:12:08 (3039 turns).

jlumianski the Chopper (Coglin Gladiator)           Turns: 3039, Time: 00:12:09

Health: 0/34       AC: 12    Str: 16    XL:     4   Next: 80%
Magic:  4/4        EV:  5    Int:  7    God:
Gold:   231        SH:  0    Dex: 16    Spells: 3/3 levels left

rFire   . . .        a - +0 war axe {Elena}
rCold   . . .        f - +0 dagger {Qing}
rNeg    . . .        u - +0 plate armour
rPois   .            c - +0 helmet
rElec   .            (no cloak)
rCorr   .            (no gloves)
SInv    .            l - +0 pair of boots
Will    .....        (amulet unavailable) Stlth
                     (ring unavailable)
HPRegen 0.25/turn    (ring unavailable)
MPRegen 0.09/turn    (no gizmo)

%: no passive effects
@: lethally poisoned (0 -> -3), hasted, very quick
A: off-hand wielding, slow wielding, warmup strikes, no jewellery
a: Invent Gizmo


You were on level 4 of the Dungeon.
You visited 1 branch of the dungeon, and saw 5 of its levels.

You collected 231 gold pieces.

Inventory:

Hand Weapons
 a - a +0 war axe (weapon) {Elena}
 f - a +0 dagger (offhand) {Qing}
Missiles
 d - 3 throwing nets
 e - a javelin
 i - 5 poisoned darts (quivered)
 v - 2 boomerangs
Armour
 b - a +0 leather armour
 c - a +0 helmet (worn)
 l - a +0 pair of boots (worn)
 n - a +0 chain mail
 q - a +0 ring mail
 u - a +0 plate armour (worn)
Talismans
 r - a maw talisman
Scrolls
 g - 4 scrolls of teleportation
 k - a scroll of fear
 m - a scroll of noise {unknown}
 o - a scroll of enchant armour {unknown}
Potions
 p - a potion of curing {unknown}
 s - a potion of brilliance {unknown}
 t - a potion of might {unknown}
 w - a potion of lignification {unknown}


   Skills:
 + Level 2.3 Fighting
 + Level 0.5 Short Blades
 + Level 4.3 Axes
 + Level 2.0 Throwing
 + Level 1.0 Armour
 + Level 3.1 Dodging


You had 3 spell levels left.
You didn't know any spells.
Your spell library contained the following spells:

 Spells                   Type           Power      Damage    Failure   Level
 Call Imp                 Summ           0%         N/A       100%        2
 Sublimation of Blood     Necr           0%         N/A       100%        2
 Summon Hydra             Summ           0%         N/A       100%        7


Dungeon Overview and Level Annotations

Branches:
Dungeon (5/15)
 Temple: D:4-7

Altars:
Elyvilon
Gozag
Hepliaklqana
Ru
Xom
Zin

Annotations:
D:4 1 runed translucent door, zenocrate's ghost, amateur OpEE


Innate Abilities, Weirdness & Mutations

You can wield a second weapon in your off-hand.
It takes a long time for you to wield or remove held weapons.
Your first few attacks do less damage.
You cannot equip rings or amulets.


Message History

Found a stone staircase leading down.
There is an open door here.
There is a stone staircase leading down here.
You climb downwards.
There is a stone staircase leading up here.
Found a stone staircase leading down.
There is a stone staircase leading up here.
The sleepcap releases spores at you but does no damage.
You hit the sleepcap but do no damage.
You hit the sleepcap with your +0 dagger.
The sleepcap releases spores at you.
You are engulfed in a cloud of soporific spores!
You fall asleep.
The sleepcap completely misses you. The scorpion stings you!
You wake up.
You are poisoned.
The scorpion poisons you!
You feel much better.
You feel sick.
The sleepcap releases spores at you but does no damage.
The scorpion stings you.
You feel sick. The sleepcap releases spores at you. The scorpion stings you.
You are more poisoned.
The scorpion poisons you!
There is a stone staircase leading up here.
You feel very sick. The sleepcap barely misses you. The scorpion stings you.
You climb upwards.
Level annotation: 1 runed translucent door, zenocrate's ghost, amateur OpEE You feel very sick.
There is a stone staircase leading down here.
You open the door.
You feel sick. The sleepcap barely misses you.
You feel sick. The sleepcap releases spores at you.
There is an open door here.
You feel yourself speed up.
You feel sick. The sleepcap releases spores at you.
* * * LOW HITPOINT WARNING * * *
The scorpion stings you.
* * * LOW HITPOINT WARNING * * *
A goblin comes into view. It is wielding a +0 dagger.
You feel sick. The sleepcap attacks as it pursues you!
The sleepcap releases spores at you.
You die...

............... ......
###########....# ...... ........
..... ...... ######## .g.. ......
### ... ...... ..# ..##### ......
..# #.#>..# ##...# ..######
#.#f#'### #.... .......#
..#.@.s...#######..## #.#....##
..#.......'....... #.#......
..#.......#######.
#.#...#######.#.......#
#.#...#...............# #####
#.'...+.......#.#+#'#########....
###...#.......#.#.#..............
#....#####.......###########.##.
#.......)..#.#...#...........#..


You could see a sleepcap, a scorpion and a goblin.

Vanquished Creatures
  3 adders
  2 dart slugs (D:1)
  2 orcs (D:3)
  6 ball pythons
  6 bats
  5 endoplasms
  4 giant cockroaches
  5 goblins
  8 hobgoblins
  8 jackals (D:1)
  2 quokkas (D:1)
  4 frilled lizards
  6 kobolds
  3 rats (D:1)
64 creatures vanquished.

Notes
Turn   | Place    | Note
-------+----------+-------------------------------------------
     0 | D:1      | jlumianski the Coglin Gladiator began the quest for the
                  | Orb.
     0 | D:1      | Reached XP level 1. HP: 16/16 MP: 1/1
   117 | D:1      | Reached XP level 2. HP: 22/22 MP: 2/2
   394 | D:1      | Reached XP level 3. HP: 27/27 MP: 3/3
  1320 | D:2      | Reached skill level 4 in Axes
  1320 | D:2      | Reached XP level 4. HP: 27/33 MP: 4/4
  1797 | D:3      | Found a sacrificial altar of Ru.
  1882 | D:3      | Reached skill level 1 in Armour
  1968 | D:3      | Found a white marble altar of Elyvilon.
  2610 | D:5      | Entered Level 5 of the Dungeon
  2610 | D:5      | Noticed a scorpion
  2656 | D:4      | Found a glowing silver altar of Zin.
  2721 | D:4      | Found an opulent altar of Gozag.
  2769 | D:4      | Found a runed translucent door.
  2772 | D:4      | Noticed zenocrate's ghost (amateur OpEE)
  2961 | D:4      | Found a hazy altar of Hepliaklqana.
  2962 | D:4      | Found a shimmering altar of Xom.
  2964 | D:4      | Noticed a spectral ugly thing
  3039 | D:4      | Slain by a sleepcap

Illustrated notes

Levels and vault maps discovered:
D:1:      onia_arrival_mini_maze, layout_basic
D:2:      layout_loops_ring, minmay_fountain_box, kennysheep_generic_room_11
D:3:      layout_basic, mainiacjoe_overflow_boulevard, nicolae_ru_awakened_eye
D:4:      layout_basic, regret_index_temple_of_mockery, lemuel_tele_altar,
          trog_book, mainiacjoe_overflow_surrounded_room, ebering_ghost_sewer_f
D:5:      layout_cave_pools, kennysheep_windowed_goal

Skill      XL: |  1  2  3  4 |
---------------+-------------+-----
Dodging        | 3 |  3.1
Throwing       | 2 |  2.0
Axes           | 4 |  4.3
Armour         | 1 |  1.0
Fighting       | |  2.3
Short Blades   | |  0.5

Action                     |  1- 3 |  4- 6 || total
---------------------------+-------+-------++-------
  Melee: Dagger            |    77 |    43 ||   120
         War axe           |    86 |    46 ||   132
  Throw: Dart              |       |     1 ||     1
    Use: Scroll            |     1 |     3 ||     4
         Potion            |       |     2 ||     2
   Stab: Sleeping          |     1 |       ||     1
 Armour: Leather armour    |    48 |    18 ||    66
         Plate armour      |       |    33 ||    33
         Ring mail         |       |     3 ||     3
  Dodge: Dodged            |    65 |    27 ||    92

Table legend: (Time is in decaauts)
 A = Elapsed time spent in this place.
 B = Non-inter-level travel time spent in this place.
 C = Inter-level travel time spent in this place.
 D = Time resting spent in this place.
 E = Time spent auto-exploring this place.
 F = Levels seen in this place.
 G = Mean time per level.
                   A        B        C        D        E       F      G
               +--------+--------+--------+--------+--------+-----+--------+
         Total |   3068 |   2994 |     74 |      0 |   2097 |   5 |  613.6 |
       Dungeon |   3068 |   2994 |     74 |      0 |   2097 |   5 |  613.6 |
               +--------+--------+--------+--------+--------+-----+--------+

Top non-repeatable levels by time:
     D:1: 987 daAuts
     D:3: 820 daAuts
     D:2: 769 daAuts
     D:4: 476 daAuts
     D:5: 14 daAuts
